Construct Section Command Post
Selects Heavy Armor Battlegroup
Construct Field Infirmary
Construct Platoon Command Post
Unlock Bishop Self-propelled Artillery
Selects Rigorous Vehicle Training
Bishop Self-propelled Artillery
Selects Forward Repair Assembly
Selects Light Vehicle Withdraw and Refit
Bishop Self-propelled Artillery
Bishop Self-propelled Artillery
Construct Company Command Post
6-pounder Anti-tank Gun Team
Bishop Self-propelled Artillery
Selects Churchill Black Prince Heavy Tank
Bishop Self-propelled Artillery